 Dungeon Crawl Stone Soup version 0.23.0 (webtiles) character file.

Game seed: 3833927629788472988

17742 Lanoc the Thaumaturge (level 12, -11/91 HPs)
             Began as a Gnoll Fire Elementalist on Feb 15, 2019.
             Was a High Priest of Vehumet.
             Killed by divine providence
             ... invoked by a meliai
              (12 damage)
             ... on level 13 of the Dungeon.
             The game lasted 00:55:17 (14793 turns).

Lanoc the Thaumaturge (Gnoll Fire Elementalist)    Turns: 14793, Time: 00:55:19

Health: -11/91     AC:  6    Str: 12    XL:     12   Next: 51%
Magic:  13/33      EV: 16    Int: 22    God:    Vehumet [*****.]
Gold:   988        SH:  8    Dex: 10    Spells: 1/28 levels left

rFire    + + .     SeeInvis .   r - +4 dagger
rCold    . . .     Gourm    .   n - +0 buckler
rNeg     . . .     Faith    .   u - +2 robe {Archmagi}
rPois    .         Spirit   .   (no helmet)
rElec    .         Reflect  +   (no cloak)
rCorr    .         Harm     .   K - +1 pair of gloves
MR       .....                  (no boots)
Stlth    ++++......             A - +3 amulet of reflection
HPRegen  0.25/turn              P - ring of fire
MPRegen  0.23/turn              R - ring of Ulut Deo {rF+ rC+ MP+9 Dex-5}

@: very slightly contaminated, hasted, very quick
A: distributed training, fangs 1, strong nose
a: Renounce Religion


You were on level 13 of the Dungeon.
You worshipped Vehumet.
Vehumet was extremely pleased with you.
You were not hungry.

You visited 2 branches of the dungeon, and saw 14 of its levels.

You collected 1106 gold pieces.
You spent 118 gold pieces at shops.

Inventory:

Hand Weapons
 r - a +4 dagger (weapon)
 v - a +2 hand axe of holy wrath
Missiles
 l - 51 sling bullets
 m - 52 bolts
 o - 305 arrows
Armour
 n - a +0 buckler (worn)
 u - a +2 robe of the Archmagi (worn)
 K - a +1 pair of gloves (worn)
Jewellery
 e - the amulet of the Burgomaster {+Rage rPois rC- Str+4 SInv}
   (You found it on level 9 of the Dungeon)

   [amulet of rage]

   It affects your strength (+4).
   It makes you vulnerable to cold.
   It protects you from poison.
   It lets you see invisible.
   It lets you go berserk.
 p - an uncursed ring of positive energy
 A - a +3 amulet of reflection (around neck)
 P - a ring of fire (left hand)
 R - the ring of Ulut Deo (right hand) {rF+ rC+ MP+9 Dex-5}
   (You took it off an orc on level 12 of the Dungeon)

   [ring of magical power]

   It affects your dexterity (-5).
   It protects you from fire.
   It protects you from cold.
   It affects your magic capacity (+9).
Wands
 B - a wand of disintegration (20)
 D - a wand of acid (8)
 G - a wand of clouds (6)
 H - a wand of flame (41)
 J - a wand of iceblast (7)
 O - a wand of polymorph (8)
Scrolls
 a - 2 scrolls of enchant armour {unknown}
 g - 3 scrolls of fog
 i - 3 scrolls of magic mapping {unknown}
 j - 2 scrolls of immolation
 q - a scroll of random uselessness {unknown}
 t - 3 scrolls of teleportation
 y - 4 scrolls of remove curse
 E - a scroll of brand weapon {unknown}
 F - a scroll of summoning {unknown}
 I - 2 scrolls of amnesia
 L - a scroll of enchant weapon
Potions
 b - a potion of flight
 d - a potion of curing
 h - a potion of cancellation
 k - 2 potions of magic
 s - 2 potions of brilliance
 z - 3 potions of lignification
 C - a potion of agility
 M - a potion of might
Miscellaneous
 N - a fan of gales
Comestibles
 c - 22 rations
 f - 4 chunks of flesh


   Skills:
 + Level 7.2 Fighting
 + Level 7.2 Short Blades
 + Level 7.2 Long Blades
 + Level 7.2 Axes
 + Level 7.2 Maces & Flails
 + Level 7.2 Polearms
 + Level 7.2 Staves
 + Level 7.2 Slings
 + Level 7.2 Bows
 + Level 7.2 Crossbows
 + Level 7.2 Throwing
 + Level 7.2 Armour
 + Level 8.6 Dodging
 + Level 8.4 Stealth
 + Level 7.2 Shields
 + Level 7.2 Unarmed Combat
 + Level 8.9 Spellcasting
 + Level 6.4 Conjurations
 + Level 6.0 Hexes
 + Level 6.0 Charms
 + Level 6.0 Summonings
 + Level 6.0 Necromancy
 + Level 6.0 Translocations
 + Level 6.0 Transmutations
 + Level 8.2 Fire Magic
 + Level 6.0 Ice Magic
 + Level 6.0 Air Magic
 + Level 6.0 Earth Magic
 + Level 6.0 Poison Magic
 + Level 7.9 Invocations
 + Level 7.2 Evocations


You had one spell level left.
You knew the following spells:

 Your Spells              Type           Power        Failure   Level  Hunger
a - Flame Tongue          Conj/Fire      #####        1%          1    None
b - Conjure Ball Lightni  Conj/Air       ######....   21%         6    ######.
c - Sticky Flame          Conj/Fire      #######.     1%          4    ##.....
d - Fireball              Conj/Fire      #######...   2%          5    #####..
e - Searing Ray           Conj           ######       1%          2    None
f - Ozocubu's Armour      Chrm/Ice       ######..     1%          3    None
h - Mephitic Cloud        Conj/Pois/Air  ######..     1%          3    None
i - Tukima's Dance        Hex            ######..     1%          3    None

Your spell library contained the following spells:

 Spells                   Type           Power        Failure   Level  Hunger
 Corona                   Hex            ######.      1%          1    None
 Freeze                   Ice            ####         1%          1    None
 Sting                    Conj/Pois      ####         1%          1    None
 Ensorcelled Hibernation  Hex/Ice        ######       1%          2    None
 Poisonous Vapours        Pois/Air       ######       1%          2    None
 Throw Flame              Conj/Fire      ######       1%          2    None
 Throw Frost              Conj/Ice       ######       1%          2    None
 Confuse                  Hex            ######..     1%          3    None
 Conjure Flame            Conj/Fire      #######.     1%          3    None
 Dazzling Spray           Conj/Hex       ######       1%          3    None
 Inner Flame              Hex/Fire       #######.     1%          3    None
 Olgreb's Toxic Radiance  Pois           ######..     1%          4    ##.....
 Throw Icicle             Conj/Ice       ######..     1%          4    ##.....
 Venom Bolt               Conj/Pois      ######....   4%          5    #####..
 Summon Ice Beast         Ice/Summ       ######..     5%          4    ##.....


Dungeon Overview and Level Annotations

Branches:
Dungeon (13/15)            Temple (1/1) D:5            Lair (0/6) D:9
    Orc (0/2) D:11
 Vaults: D:13-14

Altars:
Ashenzari
Cheibriados
Dithmenos
Elyvilon
Fedhas
Gozag
Hepliaklqana
Kikubaaqudgha
Makhleb
Nemelex Xobeh
Okawaru
Qazlal
Ru
Sif Muna
Trog
Uskayaw
Vehumet
Wu Jian
Xom
Yredelemnul
Zin
The Shining One
Beogh

Shops:
D:12 ?


Innate Abilities, Weirdness & Mutations

Your experience applies equally to all skills.
You have very sharp teeth.
Your uncanny sense of smell can sniff out nearby items.


Message History

The meliai invokes the aid of its god against you.
Something smites you!
* * * LOW HITPOINT WARNING * * *
Okay, then.
Unknown command.
Okay, then.
Okay, then.
You feel yourself speed up.
The meliai burns!
The meliai calls down the wrath of its god upon you.
Something smites you!
* * * LOW HITPOINT WARNING * * *
The meliai calls down the wrath of its god upon you.
Something smites you!
* * * LOW HITPOINT WARNING * * *
The meliai hits you with a +0 hand axe.
* * * LOW HITPOINT WARNING * * *
The meliai stings you but does no damage.
The meliai invokes the aid of its god against you.
Something smites you!
You die...

.......#
...F..# ..yy.
... ##'# #F.#
#y##
#####y######
#....y@>...#
#......=...#
#.....Z....#
.........<..#
###..........#
#..........#
#..........#
####.#######
#.


You could see 3 meliai, a bullfrog and a wyvern zombie.

Vanquished Creatures
  A hydra (D:11)
  A centaur warrior (D:10)
  A two-headed ogre (D:12)
  An orc knight (D:11)
  An ugly thing (D:12)
  2 cyclopes (D:12)
  A komodo dragon (D:12)
  A hornet (D:10)
  2 trolls (D:12)
  3 hippogriffs (D:8)
  A vampire (D:12)
  A wraith (D:12)
  A wyvern (D:12)
  18 yaks
  2 steam dragons
  A hungry ghost (D:8)
  6 vampire mosquitoes (D:12)
  An acid dragon (D:11)
  2 water moccasins
  11 orc warriors
  6 sky beasts
  6 ice beasts
  A necrophage (D:10)
  A black bear (D:10)
  7 ogres
  6 centaurs
  2 crocodiles
  Blork the orc (D:7)
  5 bullfrogs
  2 big kobolds
  5 scorpions
  16 killer bees
  4 wights
  2 howler monkeys
  6 crimson imps
  3 centaur zombies
  3 quasits
  4 jellies
  6 orc priests
  3 bullfrog zombies
  6 hounds
  A bullfrog skeleton (D:8)
  5 centaur skeletons
  12 orc wizards
  Jessica (D:3)
  3 iguanas
  12 worker ants
  2 hound skeletons (D:6)
  A worker ant zombie (D:7)
  A howler monkey zombie (D:8)
  A gnoll (D:1)
  13 adders
  A shadow imp (D:8)
  An ooze (D:2)
  5 worms
  2 dart slugs
  8 leopard geckos
  54 orcs
  A ball python (D:2)
  4 bats
  7 giant cockroaches
  9 goblins
  5 hobgoblins
  5 quokkas
  5 frilled lizards
  10 kobolds
  A leopard gecko skeleton (D:6)
  A quokka zombie (D:8)
  6 rats
330 creatures vanquished.

Vanquished Creatures (others)
  An orc warrior (D:11)
  A centaur (D:12)
2 creatures vanquished.

Grand Total: 332 creatures vanquished

Notes
Turn   | Place    | Note
-------+----------+-------------------------------------------
     0 | D:1      | Lanoc the Gnoll Fire Elementalist began the quest for the
                  | Orb.
     0 | D:1      | Reached XP level 1. HP: 13/13 MP: 6/6
    76 | D:1      | Reached XP level 2. HP: 20/20 MP: 0/7
   163 | D:1      | Learned a level 2 spell: Throw Flame
   227 | D:1      | Reached XP level 3. HP: 25/25 MP: 2/9
   235 | D:1      | Reached skill level 5 in Spellcasting
   645 | D:2      | Reached skill level 1 in Invocations
  1029 | D:2      | Reached skill level 1 in Fighting
  1029 | D:2      | Reached skill level 1 in Short Blades
  1029 | D:2      | Reached skill level 1 in Long Blades
  1029 | D:2      | Reached skill level 1 in Axes
  1029 | D:2      | Reached skill level 1 in Maces & Flails
  1029 | D:2      | Reached skill level 1 in Polearms
  1029 | D:2      | Reached skill level 1 in Staves
  1029 | D:2      | Reached skill level 1 in Slings
  1029 | D:2      | Reached skill level 1 in Bows
  1029 | D:2      | Reached skill level 1 in Crossbows
  1029 | D:2      | Reached skill level 1 in Throwing
  1029 | D:2      | Reached skill level 1 in Armour
  1029 | D:2      | Reached skill level 1 in Shields
  1029 | D:2      | Reached skill level 1 in Unarmed Combat
  1029 | D:2      | Reached skill level 1 in Evocations
  1029 | D:2      | Reached XP level 4. HP: 32/32 MP: 6/11
  1866 | D:3      | Reached skill level 1 in Hexes
  1866 | D:3      | Reached skill level 1 in Charms
  1866 | D:3      | Reached skill level 1 in Summonings
  1866 | D:3      | Reached skill level 1 in Necromancy
  1866 | D:3      | Reached skill level 1 in Translocations
  1866 | D:3      | Reached skill level 1 in Transmutations
  1866 | D:3      | Reached skill level 1 in Ice Magic
  1866 | D:3      | Reached skill level 1 in Air Magic
  1866 | D:3      | Reached skill level 1 in Earth Magic
  1866 | D:3      | Reached skill level 1 in Poison Magic
  2160 | D:3      | Found an ornate altar of the Wu Jian Council.
  2222 | D:3      | Reached XP level 5. HP: 36/37 MP: 7/12
  2396 | D:3      | Found a glowing silver altar of Zin.
  2490 | D:3      | Noticed Jessica
  2503 | D:3      | Killed Jessica
  2523 | D:3      | Learned a level 4 spell: Sticky Flame
  2529 | D:3      | Learned a level 5 spell: Fireball
  2724 | D:4      | Noticed an ogre
  2735 | D:4      | Killed an ogre
  2735 | D:4      | Reached XP level 6. HP: 13/44 MP: 2/14
  3068 | D:4      | Reached skill level 5 in Dodging
  3357 | D:4      | Found a shadowy altar of Dithmenos.
  3672 | D:4      | Reached XP level 7. HP: 50/50 MP: 13/15
  3936 | D:5      | Entered Level 5 of the Dungeon
  3999 | D:5      | Found a staircase to the Ecumenical Temple.
  4043 | Temple   | Entered the Ecumenical Temple
  4227 | Temple   | Became a worshipper of Vehumet
  4746 | D:5      | Reached skill level 5 in Stealth
  5030 | D:6      | Reached XP level 8. HP: 48/57 MP: 16/16
  5507 | D:6      | Found a shattered altar of Ashenzari.
  5711 | D:6      | Reached * piety under Vehumet
  5711 | D:6      | Offered knowledge of Magic Dart by Vehumet.
  5946 | D:6      | Found a blossoming altar of Fedhas.
  6142 | D:7      | Reached XP level 9. HP: 63/65 MP: 16/18
  6358 | D:7      | Found a basalt altar of Yredelemnul.
  6517 | D:7      | Noticed Blork the orc
  6527 | D:7      | Killed Blork the orc
  6531 | D:7      | Found a deep blue altar of Sif Muna.
  6777 | D:8      | Found a bloodstained altar of Trog.
  6871 | D:8      | Offered knowledge of Searing Ray by Vehumet.
  6883 | D:8      | Reached ** piety under Vehumet
  6897 | D:8      | Learned a level 2 spell: Searing Ray
  6901 | D:8      | Learned a level 3 spell: Ozocubu's Armour
  6939 | D:8      | Reached skill level 5 in Invocations
  7096 | D:8      | Reached XP level 10. HP: 64/73 MP: 0/20
  7693 | D:8      | Reached skill level 5 in Fighting
  7693 | D:8      | Reached skill level 5 in Short Blades
  7693 | D:8      | Reached skill level 5 in Long Blades
  7693 | D:8      | Reached skill level 5 in Axes
  7693 | D:8      | Reached skill level 5 in Maces & Flails
  7693 | D:8      | Reached skill level 5 in Polearms
  7693 | D:8      | Reached skill level 5 in Staves
  7693 | D:8      | Reached skill level 5 in Slings
  7693 | D:8      | Reached skill level 5 in Bows
  7693 | D:8      | Reached skill level 5 in Crossbows
  7693 | D:8      | Reached skill level 5 in Throwing
  7693 | D:8      | Reached skill level 5 in Armour
  7693 | D:8      | Reached skill level 5 in Shields
  7693 | D:8      | Reached skill level 5 in Unarmed Combat
  7693 | D:8      | Reached skill level 5 in Evocations
  8084 | D:9      | Found an iron altar of Okawaru.
  8216 | D:9      | Got a translucent bronze amulet
  8219 | D:9      | Identified the amulet of the Burgomaster {+Rage rPois rC-
                  | Str+4 SInv} (You found it on level 9 of the Dungeon)
  8295 | D:9      | Found a staircase to the Lair.
  8464 | D:9      | Found an ancient bone altar of Kikubaaqudgha.
  8734 | D:9      | Offered knowledge of Static Discharge by Vehumet.
  8746 | D:9      | Reached skill level 5 in Conjurations
  8960 | D:9      | Learned a level 3 spell: Static Discharge
  9006 | D:10     | Entered Level 10 of the Dungeon
  9025 | D:10     | Noticed a centaur warrior
  9038 | D:10     | Killed a centaur warrior
  9068 | D:9      | Reached XP level 11. HP: 37/81 MP: 1/22
  9083 | D:9      | HP: 3/81 [killer bee (9)]
  9086 | D:9      | Reached *** piety under Vehumet
  9693 | D:10     | Offered knowledge of Dazzling Spray by Vehumet.
  9854 | D:10     | Reached skill level 5 in Hexes
  9854 | D:10     | Reached skill level 5 in Charms
  9854 | D:10     | Reached skill level 5 in Summonings
  9854 | D:10     | Reached skill level 5 in Necromancy
  9854 | D:10     | Reached skill level 5 in Translocations
  9854 | D:10     | Reached skill level 5 in Transmutations
  9854 | D:10     | Reached skill level 5 in Ice Magic
  9854 | D:10     | Reached skill level 5 in Air Magic
  9854 | D:10     | Reached skill level 5 in Earth Magic
  9854 | D:10     | Reached skill level 5 in Poison Magic
 10152 | D:10     | Learned a level 3 spell: Mephitic Cloud
 10301 | D:10     | Learned a level 3 spell: Tukima's Dance
 10443 | D:11     | Noticed a four-headed hydra
 10647 | D:11     | Noticed an orc knight
 10665 | D:11     | Reached **** piety under Vehumet
 10938 | D:11     | Offered knowledge of Ignite Poison by Vehumet.
 11653 | D:11     | Found a staircase to the Orcish Mines.
 11654 | D:11     | Found a roughly hewn altar of Beogh.
 11710 | D:11     | Killed an orc knight
 11827 | D:11     | Killed a four-headed hydra
 12601 | D:12     | Reached XP level 12. HP: 89/89 MP: 15/24
 12787 | D:12     | Found Yhexuruo's Magic Scroll Boutique.
 12795 | D:12     | Bought a scroll of amnesia for 59 gold pieces
 12795 | D:12     | Bought a scroll of immolation for 59 gold pieces
 12817 | D:12     | Reached ***** piety under Vehumet
 12834 | D:12     | Noticed a two-headed ogre
 12841 | D:12     | Killed a two-headed ogre
 12841 | D:12     | Offered knowledge of Conjure Ball Lightning by Vehumet.
 13140 | D:12     | Learned a level 6 spell: Conjure Ball Lightning
 13254 | D:12     | Identified the ring of Ulut Deo {rF+ rC+ MP+9 Dex-5}
 14793 | D:13     | HP: 4/91 [meliai/divine providence (9)]
 14793 | D:13     | HP: 1/91 [meliai/+0 hand axe (3)]
 14793 | D:13     | Killed from afar by a meliai

Skill      XL: |  1  2  3  4  5  6  7  8  9 10 11 12 |
---------------+-------------------------------------+-----
Conjurations   | 2 3 4 5 6 |  6.4
Spellcasting   | 5 6 7 8 |  8.9
Invocations    | 1 2 3 4 5 6 7 |  7.9
Fighting       | 1 2 3 4 5 6 7 |  7.2
Short Blades   | 1 2 3 4 5 6 7 |  7.2
Long Blades    | 1 2 3 4 5 6 7 |  7.2
Axes           | 1 2 3 4 5 6 7 |  7.2
Maces & Flails | 1 2 3 4 5 6 7 |  7.2
Polearms       | 1 2 3 4 5 6 7 |  7.2
Staves         | 1 2 3 4 5 6 7 |  7.2
Slings         | 1 2 3 4 5 6 7 |  7.2
Bows           | 1 2 3 4 5 6 7 |  7.2
Crossbows      | 1 2 3 4 5 6 7 |  7.2
Throwing       | 1 2 3 4 5 6 7 |  7.2
Armour         | 1 2 3 4 5 6 7 |  7.2
Shields        | 1 2 3 4 5 6 7 |  7.2
Unarmed Combat | 1 2 3 4 5 6 7 |  7.2
Evocations     | 1 2 3 4 5 6 7 |  7.2
Hexes          | 1 2 3 4 5 6 |  6.0
Charms         | 1 2 3 4 5 6 |  6.0
Summonings     | 1 2 3 4 5 6 |  6.0
Necromancy     | 1 2 3 4 5 6 |  6.0
Translocations | 1 2 3 4 5 6 |  6.0
Transmutations | 1 2 3 4 5 6 |  6.0
Ice Magic      | 1 2 3 4 5 6 |  6.0
Air Magic      | 1 2 3 4 5 6 |  6.0
Earth Magic    | 1 2 3 4 5 6 |  6.0
Poison Magic   | 1 2 3 4 5 6 |  6.0
Dodging        | 5 6 7 8 |  8.6
Stealth        | 5 6 7 8 |  8.4
Fire Magic     | 6 7 8 |  8.2

Action                   |  1- 3 |  4- 6 |  7- 9 | 10-12 || total
-------------------------+-------+-------+-------+-------++-------
Melee: Unarmed           |     2 |     1 |       |       ||     3
       Dagger            |       |     5 |   148 |   275 ||   428
       Bite              |       |     2 |    17 |    20 ||    39
 Cast: Flame Tongue      |    49 |    73 |    84 |   114 ||   320
       Throw Flame       |     7 |    22 |     2 |     1 ||    32
       Sticky Flame      |       |     1 |    31 |    90 ||   122
       Fireball          |       |       |       |    61 ||    61
       Searing Ray       |       |       |       |     2 ||     2
Evoke: Wand              |       |       |       |     3 ||     3
       Fan of gales      |       |       |       |     1 ||     1
  Use: Scroll            |       |       |       |    20 ||    20
       Potion            |       |       |       |     5 ||     5
 Stab: Sleeping          |       |     1 |     9 |     7 ||    17
  Eat: Chunk             |       |     9 |    11 |    33 ||    53
       Ration            |       |       |     1 |     4 ||     5
Armor: Robe              |       |     1 |    29 |    48 ||    78
Dodge: Dodged            |    14 |    13 |   113 |   250 ||   390
Block: Buckler           |     2 |       |    58 |   162 ||   222
       Reflection        |       |       |     1 |     7 ||     8
